 Dungeon Crawl Stone Soup version 0.20.1-1-g8b1a95d (webtiles) character file.

23 Monsterracer the Insei (level 3, -1/26 HPs)
             Began as a Merfolk Transmuter on Aug 20, 2017.
             Slain by a quokka (5 damage)
             ... on level 2 of the Dungeon.
             The game lasted 00:01:08 (879 turns).

Monsterracer the Insei (Merfolk Transmuter)          Turns: 879, Time: 00:01:09

Health: -1/26      AC:  2    Str: 10    XL:     3   Next: 0%
Magic:  1/6        EV: 13    Int: 13    God:
Gold:   31         SH:  0    Dex: 14    Spells: 3/6 levels left

rFire    . . .     SeeInvis .     - Unarmed
rCold    . . .     Gourm    .   (no shield)
rNeg     . . .     Faith    .   b - +0 robe
rPois    .         Spirit   .   (no helmet)
rElec    .         Reflect  .   (no cloak)
rCorr    .         Harm     .   (no gloves)
MR       .....                  (no boots)
Stlth    +.........             (no amulet)
Regen    0.1/turn               (no ring)
MPRegen  0.1/turn               (no ring)

@: appendage
A: change form in water, swift swim, stealthy swim, horns 2
a: End Transformation


You were on level 2 of the Dungeon.
You were not hungry.
You had grown temporary horns.
You visited 1 branch of the dungeon, and saw 2 of its levels.

You collected 31 gold pieces.

Inventory:

Missiles
 a - 10 arrows
Armour
 b - a +0 robe (worn)
Scrolls
 e - 2 scrolls of remove curse {unknown}
 f - 3 scrolls of teleportation {unknown}
 g - a scroll of enchant armour {unknown}
 h - a scroll of identify {unknown}
 j - 3 scrolls of recharging {unknown}
Potions
 i - 2 potions of flight {unknown}
Books
 c - a book of Changes

   Spells                             Type                      Level
   a - Beastly Appendage              Transmutation                1
   b - Sticks to Snakes               Transmutation                2
   c - Spider Form                    Transmutation/Poison         3
   d - Ice Form                       Ice/Transmutation            4
   e - Blade Hands                    Transmutation                5
Comestibles
 d - a bread ration


   Skills:
 - Level 1.1 Fighting
 - Level 2.6 Dodging
 + Level 4.0 Unarmed Combat
 - Level 2.0 Spellcasting
 + Level 3.5 Transmutations


You had 3 spell levels left.
You knew the following spells:

 Your Spells              Type           Power        Failure   Level  Hunger
a - Beastly Appendage     Tmut           ##....       6%          1    ##.....
b - Sticks to Snakes      Tmut           ##......     9%          2    ###....


Dungeon Overview and Level Annotations

Branches:
Dungeon (1/15)

Altars:


Innate Abilities, Weirdness & Mutations

You revert to your normal form in water.
You are very nimble and swift while swimming.
You are very stealthy in the water. (Stealth+)
You have a pair of horns on your head.


Message History

Casting: Sticks to Snakes
Confirm with . or Enter, or press ? or * to list all spells.
You create a snake!
You now have 10 arrows.
The quokka barely misses you.
Unknown command.
Casting: Sticks to Snakes
Confirm with . or Enter, or press ? or * to list all spells.
You grow a pair of large bovine horns.
The quokka bites you but does no damage.
Your ball python bites the quokka.
Your ball python grabs the quokka.
Your ball python constricts the quokka.
Unknown command.
You hit the quokka. Your punch misses the quokka.
The quokka is heavily wounded.
The quokka barely misses you.
Your ball python bites the quokka but does no damage.
Your ball python constricts the quokka.
You hit the quokka but do no damage.
The quokka is heavily wounded.
The quokka bites you.
You die...

.. ....# #.##.#.#
.....#.## # #.#.....
#.##.#..#.#####
.......#.....# #
#.##....$#.#.#
#.##...)#S#.....#
#......@r...#... #
####.####)....[..
....######.####.#.###.#
#.................
########.######.....
#.# .#### #.# # #.# #..


You could see a quokka and a friendly ball python.

Vanquished Creatures
  An ooze (D:1)
  2 ball pythons (D:1)
  A bat (D:1)
  4 goblins
  3 hobgoblins (D:1)
  4 kobolds
  A rat (D:1)
16 creatures vanquished.

Notes
Turn   | Place    | Note
-------+----------+-------------------------------------------
     0 | D:1      | Monsterracer the Merfolk Transmuter began the quest for the Orb.
     0 | D:1      | Reached XP level 1. HP: 15/15 MP: 3/3
   237 | D:1      | Reached XP level 2. HP: 19/21 MP: 5/5
   241 | D:1      | Learned a level 2 spell: Sticks to Snakes
   530 | D:1      | Reached skill level 4 in Unarmed Combat
   743 | D:1      | You fall through a shaft!
   863 | D:2      | Reached XP level 3. HP: 23/26 MP: 6/6
   866 | D:2      | HP: 13/26 [quokka (1)]
   871 | D:2      | HP: 4/26 [quokka (3)]
   879 | D:2      | Slain by a quokka

Skill      XL: |  1  2 |
---------------+-------+-----
Transmutations | 3 |  3.5
Unarmed Combat | 4 |  4.0
Fighting       | |  1.1
Dodging        | |  2.6
Spellcasting   | |  2.0

Action                   || total
-------------------------++-------
Melee: Unarmed           ||    72
 Cast: Sticks to Snakes  ||     2
       Beastly Appendage ||     1
Armor: Robe              ||    14
Dodge: Dodged            ||    38
